 Dungeon Crawl Stone Soup version 0.16-a0-3476-g5f3739d (webtiles) character file.

91 Sientara the Sneak (level 4, 0/23 HPs)
             Began as a Vine Stalker Assassin on Jan 4, 2015.
             Slain by a giant frog (3 damage)
             ... summoned by a shadow trap
             ... triggered by a worker ant
             ... on level 4 of the Dungeon.
             The game lasted 00:07:48 (2179 turns).

Sientara the Sneak (Vine Stalker Assassin)          Turns: 2179, Time: 00:07:48

Health: 0/23       AC:  5    Str: 13    XL:     4   Next: 57%
Magic:  0/5        EV:  8    Int: 11    God:
Gold:   92         SH:  8    Dex: 17    Spells: 0 memorised, 3 levels left

rFire  . . .     SeeInvis .     a - +2 dagger
rCold  . . .     Clarity  .     k - +0 leather armour
rNeg   . . .     SustAb   .     l - +0 shield
rPois  .         Gourm    .     (no helmet)
rElec  .         Spirit   +     s - +1 cloak
rCorr  .         Warding  .     (no gloves)
rMut   .         Stasis   .     (no boots)
MR     .....                    (no amulet)
Stlth  +++.......               (no ring)
                                (no ring)

@: lethally poisoned, not resistant to hostile enchantments, fairly stealthy
A: fangs 2, regeneration 1, magic shield, antimagic bite, no device heal 3, rot
immunity
a: no special abilities


You were on level 4 of the Dungeon.
You were not hungry.

You visited 1 branch of the dungeon, and saw 4 of its levels.

You collected 92 gold pieces.

Inventory:

Hand weapons
 a - a +2 dagger (weapon)
 b - a +0 blowgun
Missiles
 e - 8 poisoned needles
 f - 2 curare-tipped needles
 i - 4 tomahawks of returning (quivered)
Armour
 k - a +0 leather armour (worn)
 l - a +0 shield (worn)
 p - a cursed +0 gold dragon armour
 s - a +1 cloak (worn)
Scrolls
 c - 2 scrolls of enchant weapon {unknown}
 h - 4 scrolls of identify {unknown}
 m - a scroll of magic mapping {unknown}
 n - a scroll of fog {unknown}
 o - a scroll of recharging {unknown}
 q - a scroll of noise {unknown}
 u - a scroll of enchant armour {unknown}
 v - a scroll of random uselessness {unknown}
Potions
 j - 2 potions of restore abilities {unknown}
 t - 2 potions of haste {unknown}
 x - a potion of cure mutation {unknown}
Comestibles
 d - a slice of pizza
 g - 2 bread rations
 r - 3 meat rations
 w - a beef jerky


   Skills:
 - Level 1.7 Fighting
 * Level 3.0 Short Blades
 + Level 2.5 Throwing
 - Level 0.7 Dodging
 - Level 5.2 Stealth
 + Level 1.3 Shields


You had 3 spell levels left.
You didn't know any spells.

Dungeon Overview and Level Annotations

Branches:
Dungeon (4/15)
 Temple: D:4-7

Altars:
Elyvilon
Okawaru
Trog
The Shining One


Innate Abilities, Weirdness & Mutations

You have extremely sharp teeth.
Your natural rate of healing is unusually fast.
When hurt, damage is shared between your health and your magic reserves.
Your bite disrupts and absorbs the magic of your enemies.
Potions and wands cannot restore your health.
You are immune to rotting.


Message History

You block the giant frog's attack. The worker ant bites you.
You block the giant frog's attack.
Damage: -13%(-3hp) hp: 57%(13hp)
You hit the worker ant.
You bite the worker ant, but do no damage.
The worker ant is moderately wounded.
You feel sick.
The hobgoblin hits you but does no damage.
The giant frog hits you but does no damage.
The worker ant bites you but does no damage.
Damage: -4%(-1hp) hp: 53%(12hp)
You hit the worker ant.
You bite the worker ant, but do no damage.
The worker ant is heavily wounded.
The giant frog hits you. You block the hobgoblin's attack.
The worker ant closely misses you. The giant frog hits you!
* * * LOW HITPOINT WARNING * * *
Huge Dmg: -39%(-9hp) hp: 14%(3hp)
The worker ant completely misses you. The giant frog hits you.
You die...

......... ...
......... .....
......... .....
........##....#
..............#
......^.%....#
........s...##
....>..gaF.##
..#.....@.##
..........#
........##
.........
.######.. #.##
..# ..# .##


You could see a giant frog, a worker ant, a giant cockroach and a hobgoblin.

Vanquished Creatures
  2 adders (D:2)
  A giant mite (D:2)
  A worm (D:2)
  A giant gecko (D:2)
  An ooze (D:2)
  2 orcs (D:3)
  A ball python (D:3)
  3 giant cockroaches
  11 goblins
  7 hobgoblins
  2 quokkas (D:3)
  6 bats
  3 giant newts
  3 jackals (D:3)
  7 kobolds
  4 rats
55 creatures vanquished.

Notes
Turn   | Place    | Note
--------------------------------------------------------------
     0 | D:1      | Sientara, the Vine Stalker Assassin, began the quest for the Orb.
     0 | D:1      | Reached XP level 1. HP: 11/11 MP: 1/1
     2 | D:1      | Noticed a formicid
     4 | D:1      | Noticed an ogre
     4 | D:1      | Noticed a ghoul
     6 | D:1      | Noticed a gargoyle
     6 | D:1      | Noticed a tengu
     8 | D:1      | Noticed a troll
    10 | D:1      | Noticed a demonspawn
    10 | D:1      | Noticed a felid
    12 | D:1      | Noticed a human
    14 | D:1      | Noticed a spriggan
    14 | D:1      | Noticed an elf
    16 | D:1      | Noticed a naga
    16 | D:1      | Noticed an octopode
    18 | D:1      | Noticed a minotaur
    20 | D:1      | Noticed a demigod
    20 | D:1      | Noticed a vampire
    22 | D:1      | Noticed a dwarf
    22 | D:1      | Noticed a merfolk
    24 | D:1      | Noticed a vine stalker
    26 | D:1      | Noticed a centaur
    26 | D:1      | Noticed a draconian
    99 | D:1      | Reached skill level 5 in Stealth
   282 | D:1      | Reached XP level 2. HP: 15/15 MP: 3/3
   700 | D:2      | Reached XP level 3. HP: 13/18 MP: 4/4
   842 | D:2      | Found an iron altar of Okawaru.
   843 | D:2      | Found a bloodstained altar of Trog.
   898 | D:2      | Found a white marble altar of Elyvilon.
  1017 | D:2      | Found a glowing golden altar of the Shining One.
  1026 | D:2      | Huge Dmg: 4 dmg
  1284 | D:2      | Reached skill level 1 in Shields
  1284 | D:2      | Reached XP level 4. HP: 21/23 MP: 5/5
  1814 | D:3      | Huge Dmg: 5 dmg
  1922 | D:3      | Huge Dmg: 6 dmg
  2173 | D:4      | Noticed a giant frog
  2179 | D:4      | Huge Dmg: 9 dmg
  2179 | D:4      | Slain by a giant frog

Action                   |  1- 3 |  4- 6 || total
-------------------------+-------+-------++-------
Melee: Dagger            |   110 |    71 ||   181
 Stab: Sleeping          |     2 |     3 ||     5
       Distracted        |       |     1 ||     1
  Eat: Chunk             |     1 |     3 ||     4
